 Dungeon Crawl Stone Soup version 0.31-b1-17-gcfd88c8481 (webtiles) character file.

Game seed: 1166657859011112322

183 Cheops the Digger (level 5, 0/38 HPs)
             Began as a Demigod Earth Elementalist on Jan 15, 2024.
             Incinerated by a bombardier beetle (4 damage)
             ... with a burning spray
             ... on level 3 of the Dungeon.
             The game lasted 00:08:22 (2570 turns).

Cheops the Digger (Demigod Earth Elementalist)      Turns: 2570, Time: 00:08:23

Health: 0/38       AC:  3    Str: 13    XL:     5   Next: 13%
Magic:  7/12       EV: 12    Int: 17    God:
Gold:   157        SH:  0    Dex: 20    Spells: 6/10 levels left

rFire   . . .        a - staff of conjuration {!a}
rCold   . . .        (no shield)
rNeg    . . .        f - +0 leather armour
rPois   .            (no helmet)
rElec   .            (no cloak)
rCorr   .            (no gloves)
SInv    .            (no boots)
Will    .....        (no amulet)
Stlth   +            h - +6 ring of dexterity
HPRegen 0.26/turn    (no ring)
MPRegen 0.13/turn

%: no passive effects
@: on fire, very slightly contaminated, glowing
A: high MP 1, forlorn, divine attributes
a: no special abilities


You were on level 3 of the Dungeon.
You visited 1 branch of the dungeon, and saw 3 of its levels.

You collected 157 gold pieces.

Inventory:

Hand Weapons
 g - a +0 dagger
Missiles
 l - a throwing net
Armour
 b - a +0 robe
 f - a +0 leather armour (worn)
Magical Staves
 a - a staff of conjuration (weapon) {!a}
Jewellery
 h - a +6 ring of dexterity (left hand)
Scrolls
 c - 2 scrolls of immolation {unknown}
 i - a scroll of vulnerability {unknown}
 j - 2 scrolls of identify {unknown}
 k - a scroll of noise {unknown}
Potions
 d - 2 potions of curing {unknown}
 e - a potion of heal wounds {unknown}
 m - a potion of attraction {unknown}
 n - a potion of magic
 o - a potion of resistance {unknown}


   Skills:
 - Level 1.7 Dodging
 - Level 1.7 Stealth
 - Level 3.0 Spellcasting
 - Level 0.8 Conjurations
 + Level 4.9 Earth Magic


You had 6 spell levels left.
You knew the following spells:

 Your Spells              Type           Power      Damage    Failure   Level
a - Sandblast             Erth           38%        2d10      3%          1
b - Stone Arrow           Conj/Erth      36%        3d9       21%         3

Your spell library contained the following spells:

 Spells                   Type           Power      Damage    Failure   Level
 Passwall                 Erth           19%        N/A       9%          3
 Gell's Gravitas          Tloc           2%         N/A       54%         3
 Teleport Other           Tloc           2%         N/A       54%         3
 Brom's Barrelling Bould  Conj/Erth      18%        2d4       56%         4
 Petrify                  Alch/Erth      10%        N/A       63%         4
 Dispersal                Tloc           1%         N/A       100%        6


Dungeon Overview and Level Annotations

Branches:
Dungeon (3/15)


Innate Abilities, Weirdness & Mutations

You have an increased reservoir of magic. (+10% MP)
You shall have no god before yourself.
Your divine heritage dramatically boosts your attributes as you level up.


Message History

* * * LOW HITPOINT WARNING * * *
The bombardier beetle sprays incendiary fluid at you.
The burning spray hits you.
You are even more covered in liquid fire!
You are too injured to fight recklessly!
You are too injured to fight recklessly!
You are too injured to fight recklessly!
Casting: Sandblast (safe; 3% risk of failure)
Confirm with . or Enter, or press ? or * to list all spells.
Aiming: Sandblast (safe; 3% risk of failure)
Press: ? - help, Shift-Dir - straight line, f/p - bombardier beetle
Aim: a bombardier beetle (heavily wounded, 89% to hit)
You miscast Sandblast.
You are very lightly contaminated with residual magic.
Nothing appears to happen.
The liquid fire burns you!
* * * LOW HITPOINT WARNING * * *
Casting: Sandblast (safe; 3% risk of failure)
Confirm with . or Enter, or press ? or * to list all spells.
Aiming: Sandblast (safe; 3% risk of failure)
Press: ? - help, Shift-Dir - straight line, f/p - bombardier beetle
Aim: a bombardier beetle (heavily wounded, 89% to hit)
The blast of sand hits the bombardier beetle!
You kill the bombardier beetle!
The liquid fire burns you!
* * * LOW HITPOINT WARNING * * *
You have reached level 5!
You shake off some of the fire as you move.
The liquid fire burns you!
* * * LOW HITPOINT WARNING * * *
You shake off some of the fire as you move.
The liquid fire burns you!
* * * LOW HITPOINT WARNING * * *
You see here 5 gold pieces.
You shake off some of the fire as you move.
The liquid fire burns you!
* * * LOW HITPOINT WARNING * * *
You shake off some of the fire as you move.
The liquid fire burns you!
You die...

........#.#.#
#...#.#.#.#.##
#...#.#......##
#...#.#....#..# ###
#...#.#....#.... ..#
###...#......#.#..##.#
......'......#.# ....##
###...###.#'##.####...#
#######.#.....@.$...# #
#.....####+######...# #
#.##### ..†.# #####.#
##..# ...##.# ..#
...##.# .# ...##.# .
...##.# .. ...##.#


There were no monsters in sight!

Vanquished Creatures
  A bombardier beetle (D:3)
  2 orc wizards (D:2)
  4 adders (D:2)
  2 ribbon worms (D:2)
  4 orcs
  5 ball pythons
  4 bats
  5 endoplasms
  A giant cockroach (D:2)
  3 goblins
  6 hobgoblins
  2 jackals (D:2)
  3 quokkas
  A frilled lizard (D:1)
  2 kobolds
  4 rats
49 creatures vanquished.

Notes
Turn   | Place    | Note
-------+----------+-------------------------------------------
     0 | D:1      | Cheops the Demigod Earth Elementalist began the quest for
                  | the Orb.
     0 | D:1      | Reached XP level 1. HP: 14/14 MP: 5/5
   249 | D:1      | Reached skill level 3 in Earth Magic
   507 | D:1      | Reached XP level 2. HP: 20/20 MP: 4/7
  1337 | D:2      | Reached skill level 4 in Earth Magic
  1337 | D:2      | Reached XP level 3. HP: 26/26 MP: 3/8
  1953 | D:2      | Reached XP level 4. HP: 31/33 MP: 6/11
  1962 | D:2      | Learned a level 3 spell: Stone Arrow
  2567 | D:3      | Reached XP level 5. HP: 11/38 MP: 6/12
  2570 | D:3      | Incinerated by a bombardier beetle

Illustrated notes

Levels and vault maps discovered:
D:1:      spicycebolla_arrival_xxxplode, layout_basic,
          chequers_serial_rivers_micro_d, serial_park_tiny_1
D:2:      layout_basic, serial_bayou_pond_e
D:3:      layout_basic, led_sif_book, ebering_ecumenical_altar_webs,
          uniq_sigmund

Skill      XL: |  1  2  3 |
---------------+----------+-----
Earth Magic    | 3 4 |  4.9
Spellcasting   | 3 |  3.0
Dodging        | |  1.7
Stealth        | |  1.7
Conjurations   | |  0.8

Action                     |  1- 3 |  4- 6 || total
---------------------------+-------+-------++-------
  Melee: Dagger            |     3 |       ||     3
   Cast: Sandblast         |    56 |    19 ||    75
 Armour: Leather armour    |    12 |     1 ||    13
  Dodge: Dodged            |     8 |     2 ||    10
